 Dungeon Crawl Stone Soup version 0.20.0-7-g3b7b877 (webtiles) character file.

1915 Exaltedone87 the Chopper (level 8, -5/74 HPs)
             Began as a Deep Dwarf Fighter on May 29, 2017.
             Was an Initiate of Makhleb.
             Killed by divine providence
             ... invoked by an orc priest
              (15 damage)
             ... on level 7 of the Dungeon.
             The game lasted 00:11:11 (4838 turns).

Exaltedone87 the Chopper (Deep Dwarf Fighter)       Turns: 4838, Time: 00:11:13

Health: -5/74      AC: 10    Str: 27    XL:     8   Next: 95%
Magic:  8/8        EV: 11    Int:  9    God:    Makhleb [......]
Gold:   363        SH: 16    Dex: 12    Spells: 7/7 levels left

rFire    . . .     SeeInvis .   h - -2 mace (curse)
rCold    . . .     Gourm    .   c - +0 shield
rNeg     . . .     Faith    .   b - +0 scale mail
rPois    .         Spirit   .   u - +1 helmet
rElec    .         Reflect  +   (no cloak)
rCorr    +         Harm     .   N - -2 pair of gloves (curse)
MR       +....                  E - +0 pair of boots (curse)
Stlth    ..........             A - +5 amulet of reflection
Regen    0.0/turn               s - ring of resist corrosion
MPRegen  0.2/turn               B - ring of flight

@: mighty, lethally poisoned (-5 -> -34), non-regenerating, slowed, very slow
A: damage resistance, heal wounds, sense surroundings 1, no regeneration
a: Heal Wounds, Renounce Religion, Evoke Flight


You were on level 7 of the Dungeon.
You worshipped Makhleb.
Makhleb was noncommittal.
You were hungry.

You visited 2 branches of the dungeon, and saw 8 of its levels.

You collected 363 gold pieces.

Inventory:

Hand Weapons
 h - a cursed -2 mace (weapon)
 j - a +1 hand axe of freezing
Armour
 b - a +0 scale mail (worn)
 c - a +0 shield (worn)
 e - a +0 plate armour
 u - a +1 helmet (worn)
 E - a cursed +0 pair of boots (worn)
 M - a cursed +0 chain mail
 N - a cursed -2 pair of gloves (worn)
Jewellery
 s - a ring of resist corrosion (left hand)
 A - a +5 amulet of reflection (around neck)
 B - a ring of flight (right hand)
 I - an uncursed ring of ice {unknown}
Wands
 t - a wand of digging (24/24)
 D - a wand of enslavement (13/24)
 J - a wand of scattershot (6/9)
Scrolls
 k - 2 scrolls of teleportation
 n - a scroll of magic mapping
 v - a scroll of amnesia
 w - 2 scrolls of recharging
 y - 2 scrolls of identify
 C - 2 scrolls of noise
 G - a scroll of immolation
 H - a scroll of enchant weapon
Potions
 g - a potion of lignification {unknown}
 i - 3 potions of flight
 m - 2 potions of magic {unknown}
 o - 5 potions of curing
 r - a potion of mutation
 x - 5 potions of heal wounds
 F - a potion of ambrosia {unknown}
Comestibles
 f - 5 bread rations
 l - 5 royal jellies
 q - 3 meat rations


   Skills:
 + Level 5.3 Fighting
 * Level 7.2 Axes
 + Level 6.0 Armour
 + Level 4.8 Dodging
 + Level 6.2 Shields
 + Level 1.6 Invocations


You had 7 spell levels left.
You didn't know any spells.

Dungeon Overview and Level Annotations

Branches:
Dungeon (7/15)             Temple (1/1) D:7

Altars:
Ashenzari
Cheibriados
Dithmenos
Elyvilon
Fedhas
Gozag
Hepliaklqana
Kikubaaqudgha
Makhleb
Nemelex Xobeh
Okawaru
Qazlal
Ru
Sif Muna
Trog
Uskayaw
Vehumet
Xom
Yredelemnul
Zin
The Shining One


Innate Abilities, Weirdness & Mutations

You are resistant to damage.
You can heal yourself by infusing magical energy.
You passively map a small area around you.
You do not regenerate.


Message History

Something hits you but does no damage.
You sock something!
You feel very sick. Something hits you but does no damage.
You are more poisoned.
You closely miss something.
* * * LOW HITPOINT WARNING * * *
You feel very sick. You block the orc wizard's attack.
The orc wizard casts a spell at you.
You feel yourself slow down.
You hear some strange, mumbled words.
Something tries to affect you, but you resist.
You closely miss the orc wizard.
* * * LOW HITPOINT WARNING * * *
You feel extremely sick. The orc wizard closely misses you.
The orc priest calls down the wrath of Beogh upon you.
Beogh smites you!
You die...

*,* *,* *,,,,*,,,* *#####. *,*
*,* *,,,,*,,,* #...#. *,* *,*
*,,,,***** #.#.#. *,* ***
****** #.#.#< *,* #.#.#. *,*
#.#.#. *,* #.#.#.
*,**#####################.#.#.
*,,,......oo{@o.............#.
****#####################.###.
#..... ######


You could see an orc priest, an orc wizard and an orc.

Vanquished Creatures
  A hippogriff (D:4)
  The ghost of markarz the Ogre Mage, an amateur OgFE (D:3)
  Menkaure (D:6)
  An orc warrior (D:7)
  An ogre (D:6)
  A centaur (D:6)
  A wyvern zombie (D:7)
  5 bullfrogs
  A water moccasin zombie (D:6)
  A scorpion (D:7)
  A quasit (D:7)
  3 jellies
  An orc priest (D:6)
  2 centaur skeletons
  4 bullfrog skeletons
  Ijyb (D:3)
  An iguana (D:5)
  2 orc wizards (D:7)
  A worker ant (D:4)
  12 gnolls
  7 adders
  A shadow imp (D:6)
  An adder zombie (D:5)
  2 worms
  5 leopard geckos
  10 orcs
  6 giant cockroaches
  9 goblins
  8 hobgoblins
  9 jackals
  A quokka (D:3)
  2 ball pythons
  A ball python skeleton (D:4)
  3 bats
  3 frilled lizards
  8 kobolds
  A leopard gecko skeleton (D:4)
  8 rats
127 creatures vanquished.

Notes
Turn   | Place    | Note
-------+----------+-------------------------------------------
     0 | D:1      | Exaltedone87 the Deep Dwarf Fighter began the quest for the Orb.
     0 | D:1      | Reached XP level 1. HP: 20/20 MP: 1/1
    99 | D:1      | Reached XP level 2. HP: 25/27 MP: 2/2
   703 | D:2      | Reached XP level 3. HP: 24/33 MP: 3/3
   780 | D:2      | Reached skill level 3 in Axes
   780 | D:2      | Reached skill level 1 in Dodging
  1293 | D:2      | Reached XP level 4. HP: 24/42 MP: 4/4
  1536 | D:3      | Reached XP level 5. HP: 14/49 MP: 5/5
  1621 | D:3      | Noticed Ijyb
  1643 | D:3      | Killed Ijyb
  1750 | D:3      | Noticed markarz's ghost (amateur OgFE)
  1777 | D:3      | Killed markarz's ghost
  1777 | D:3      | Reached skill level 4 in Axes
  1777 | D:3      | Reached XP level 6. HP: 23/56 MP: 6/6
  2431 | D:4      | Noticed a hippogriff
  2446 | D:4      | Killed a hippogriff
  2446 | D:4      | Reached skill level 5 in Axes
  2446 | D:4      | Reached XP level 7. HP: 27/63 MP: 7/7
  2626 | D:4      | Reached skill level 5 in Shields
  2903 | D:5      | Entered Level 5 of the Dungeon
  3373 | D:6      | Noticed Menkaure
  3385 | D:6      | Killed Menkaure
  3385 | D:6      | Reached skill level 6 in Axes
  3385 | D:6      | Reached skill level 5 in Armour
  3567 | D:6      | Reached XP level 8. HP: 47/73 MP: 8/8
  4112 | D:7      | Found a staircase to the Ecumenical Temple.
  4118 | Temple   | Entered the Ecumenical Temple
  4372 | Temple   | Became a worshipper of Makhleb the Destroyer
  4417 | D:7      | Reached skill level 5 in Fighting
  4482 | D:7      | Reached skill level 1 in Invocations
  4539 | D:7      | Reached skill level 7 in Axes
  4838 | D:7      | Killed from afar by an orc priest

Skill      XL: |  1  2  3  4  5  6  7  8 |
---------------+-------------------------+-----
Fighting       | 3 4 5 |  5.3
Axes           | 3 4 5 6 7 |  7.2
Dodging        | 1 2 3 4 |  4.8
Shields        | 4 5 6 |  6.2
Armour         | 4 5 6 |  6.0
Invocations    | 1 |  1.6

Action                   |  1- 3 |  4- 6 |  7- 9 || total
-------------------------+-------+-------+-------++-------
Melee: War axe           |    23 |       |       ||    23
       Hand axe          |    85 |   136 |   299 ||   520
       Mace              |       |       |    35 ||    35
 Abil: Heal Wounds       |       |     6 |     9 ||    15
  Use: Scroll            |       |       |    17 ||    17
       Potion            |       |       |     1 ||     1
  Eat: Chunk             |     1 |     4 |     8 ||    13
Armor: Scale mail        |    47 |    57 |   120 ||   224
Dodge: Dodged            |    44 |    60 |    98 ||   202
Block: Shield            |    59 |    71 |   232 ||   362
       Reflection        |       |       |     2 ||     2
